 Seeded DCSS version 0.27.1-35-g4d5d836560 (webtiles) character file.

Game seed: 9283498 (custom seed)

23 xaos the Covered (level 3, 0/26 HPs)
             Began as a Human Wanderer on May 8, 2022.
             Was a Follower of Uskayaw.
             Succumbed to an adder's poison
             ... on level 1 of the Dungeon.
             The game lasted 00:07:41 (1038 turns).

xaos the Covered (Human Wanderer)                   Turns: 1038, Time: 00:07:42

Health: 0/26       AC:  1    Str: 12    XL:     3   Next: 10%
Magic:  6/6        EV: 11    Int: 13    God:    Uskayaw [*.....]
Gold:   49         SH:  0    Dex: 12    Spells: 0/6 levels left

rFire    + . .     SeeInvis .   h - staff of fire
rCold    . . .     Faith    .   (no shield)
rNeg     . . .     Spirit   .   (no armour)
rPois    .         Reflect  .   (no helmet)
rElec    .         Harm     .   g - +0 cloak
rCorr    .         Rampage  .   (no gloves)
Will     .....                  (no boots)
Stlth    ++........             (no amulet)
HPRegen  0.08/turn              (no ring)
MPRegen  0.10/turn              (no ring)

@: lethally poisoned (0 -> -7)
A: no striking features
a: Renounce Religion, Stomp


You were on level 1 of the Dungeon.
You worshipped Uskayaw.
Uskayaw was noncommittal.
You visited 1 branch of the dungeon, and saw 2 of its levels.

You collected 49 gold pieces.

Inventory:

Hand Weapons
 a - a +0 hand axe
Missiles
 c - 10 poisoned darts (quivered)
 d - 3 javelins
 j - 4 boomerangs
Armour
 b - a +0 ring mail
 g - a +0 cloak (worn)
Magical Staves
 h - a staff of fire (weapon)
Scrolls
 e - a scroll of enchant weapon {unknown}
 f - 3 scrolls of enchant armour {unknown}
Potions
 i - a potion of mutation {unknown}


   Skills:
 + Level 1.0 Fighting
 + Level 1.4 Axes
 + Level 3.5 Armour
 + Level 0.4 Dodging
 + Level 2.3 Stealth
 + Level 2.0 Spellcasting
 + Level 1.0 Translocations


You couldn't memorise any spells.
You knew the following spells:

 Your Spells              Type           Power      Damage    Failure   Level
a - Magic Dart            Conj           4%         1d3       26%         1
b - Conjure Flame         Conj/Fire      2%         6-21      58%         3
c - Blink                 Tloc           N/A        N/A       26%         2

Your spell library contained the following spells:

 Spells                   Type           Power      Damage    Failure   Level
 Call Imp                 Summ           1%         N/A       36%         2
 Slow                     Hex            1%         N/A       36%         2
 Mephitic Cloud           Conj/Pois/Air  1%         N/A       58%         3


Dungeon Overview and Level Annotations

Branches:
Dungeon (2/15)

Altars:
Uskayaw


Message History

You hit the adder.
The adder is lightly wounded.
The adder barely misses you.
You barely miss the adder.
The adder is lightly wounded.
The adder barely misses you. x2
You hit the adder but do no damage.
The adder is lightly wounded.
The adder bites you.
You are poisoned.
The adder poisons you!
You closely miss the adder.
You feel sick. The adder barely misses you. The adder misses you.
You feel sick. The adder misses you.
You feel sick. The adder misses you.
You feel sick.
You feel sick.
You feel sick.
You are no longer poisoned.
The adder barely misses you.
Your magical contamination has completely faded away.
The adder barely misses you. The adder bites you. The adder bites you.
* * * LOW HITPOINT WARNING * * *
There is a stone staircase leading up here.
The adder bites you.
* * * LOW HITPOINT WARNING * * *
The adder closely misses you.
You climb upwards.
There is a stone staircase leading down here.
Throw: 11 darts (poison)
Press: ? - help, Q - select action, (/) - cycle Shift-Dir - straight line, f - adder
Aim: an adder (35% to hit)
You throw a poisoned dart. The poisoned dart misses the adder.
The adder bites you.
* * * LOW HITPOINT WARNING * * *
You are lethally poisoned!
The adder poisons you!
You die...

###### ###########
#....###### #.........#
#.........###.#######.#
'.........'.....@>S..(#
#.........###..########
#....########..####
#....# #........(#
###### #.........#
#.........########
#.........'......# ####
#.........######.###
...# #.........# #...#


You could see an adder.

Vanquished Creatures
  5 endoplasms
  2 goblins (D:1)
  3 hobgoblins (D:1)
  2 quokkas (D:1)
  A ball python (D:1)
  3 bats
  A frilled lizard (D:1)
  3 kobolds (D:1)
20 creatures vanquished.

Notes
Turn   | Place    | Note
-------+----------+-------------------------------------------
     0 | D:1      | xaos the Human Wanderer began the quest for the Orb.
     0 | D:1      | xaos set off with the following items: a +0 hand axe, a +0
                  | ring mail, a +0 dagger; and the following spell memorised:
                  | Magic Dart; and the following spells available to memorise:
                  | Blink, Call Imp, Slow, Conjure Flame, Mephitic Cloud
     0 | D:1      | Reached XP level 1. HP: 15/15 MP: 3/3
    72 | D:1      | Reached XP level 2. HP: 21/21 MP: 5/5
   584 | D:1      | Reached XP level 3. HP: 26/26 MP: 6/6
   589 | D:1      | Learned a level 3 spell: Conjure Flame
   592 | D:1      | Learned a level 2 spell: Blink
   595 | D:1      | Found a faded altar of an unknown god.
   599 | D:1      | Became a worshipper of Uskayaw the Reveller
   599 | D:1      | Reached * piety under Uskayaw
   918 | D:2      | Reached ** piety under Uskayaw
  1038 | D:1      | Succumbed to an adder's poison

Illustrated notes

Levels and vault maps discovered:
D:1:      tarquinn_simple_flora_water_a, layout_basic,
          hellmonk_ecumenical_altar_heavens_door, minivault_11
D:2:      layout_loops_ring

Action                   || total
-------------------------++-------
Melee: Hand axe          ||    53
       Staff             ||    21
Throw: Dart              ||     4
 Cast: Magic Dart        ||     1
  Use: Scroll            ||     1
 Stab: Sleeping          ||     1
Armor: Ring mail         ||    24
       Skin              ||     1
Dodge: Dodged            ||    62
